AoeStats
← TheSeb

Fortress

508573515Analyzed
2v2 RM · 10d ago on Sep 23, 2026· 69m 10s· 4 players
Game mode
Random Map
Map size
Normal (6 player)
Population
200
Speed
Normal
Resources
Standard
Victory
Conquest
Starting age
Dark Age
Ending age
Imperial Age
RankedLock teamsTeams togetherTeam positionsShared explorationLock speedFull tech treeHidden civsTurbo modeCheats
Victory
Defeat
🇺🇸 Spanish · United States
761
+17
🇵🇪 Persians · Peru
759
+18
🇨🇱 Ethiopians · Chile
798
-18
🇨🇱 Spanish · Chile
789
-17
BE4STboi
0:31 Loom
8:41 Feudal Age
10:21 Wheelbarrow
10:10 Horse Collar
10:19 Double-Bit Axe
10:45 Gold Mining
16:12 Castle Age
14:52 Man-at-Arms
17:26 Forging
20:26 Hand Cart
23:12 Husbandry
25:06 Iron Casting
24:22 Fletching
25:27 Scale Barding Armor
26:15 Heavy Plow
26:28 Town Watch
29:33 Bow Saw
29:37 Town Patrol
30:55 Caravan
32:19 Long Swordsman
33:02 Squires
32:31 Pikeman
37:51 Imperial Age
35:28 Gambesons
36:22 Elite Skirmisher
37:50 Chain Barding Armor
39:46 Chemistry
39:09 Ballistics
39:44 Bloodlines
40:27 Conscription
40:38 Light Cavalry
42:12 Cavalier
43:07 Elite Conquistador
45:26 Paladin
46:50 Plate Barding Armor
46:26 Padded Archer Armor
46:54 Two-Handed Swordsman
48:57 Blast Furnace
48:00 Scale Mail Armor
58:19 Bodkin Arrow
60:26 Murder Holes
63:43 Onager
65:11 Bracer
65:28 Leather Archer Armor
65:29 Chain Mail Armor
StarKiller
3:04 Loom
6:40 Feudal Age
7:16 Horse Collar
7:24 Double-Bit Axe
17:46 Castle Age
16:10 Fletching
16:32 Padded Archer Armor
16:49 Gold Mining
18:58 Wheelbarrow
18:43 Crossbowman
20:11 Bodkin Arrow
21:04 Thumb Ring
22:46 Leather Archer Armor
22:33 Stone Mining
23:03 Town Watch
23:24 Kamandaran
25:28 Ballistics
31:23 Imperial Age
29:21 Bow Saw
30:23 Scale Barding Armor
30:29 Forging
32:18 Hand Cart
32:38 Ring Archer Armor
34:41 Chemistry
34:37 Iron Casting
34:23 Chain Barding Armor
36:14 Bloodlines
35:51 Heavy Camel Rider
36:35 Husbandry
38:34 Caravan
39:28 Plate Barding Armor
39:54 Blast Furnace
39:17 Light Cavalry
42:44 Two-Man Saw
41:54 Scale Mail Armor
45:02 Cavalier
47:06 Chain Mail Armor
47:04 Masonry
47:17 Heavy Plow
48:32 Elite Skirmisher
50:46 Conscription
54:29 Hussar
57:01 Savar
59:23 Plate Mail Armor
58:18 Pikeman
58:59 Squires
58:44 Arson
58:44 Gambesons
58:22 Elite War Elephant
61:19 Town Patrol
62:01 Citadels
62:25 Crop Rotation
61:19 Onager
61:52 Heavy Scorpion
TheSeb
0:35 Loom
8:35 Feudal Age
9:01 Double-Bit Axe
9:00 Horse Collar
8:47 Man-at-Arms
11:05 Wheelbarrow
11:29 Gold Mining
12:01 Scale Mail Armor
12:56 Forging
15:43 Stone Mining
21:54 Castle Age
25:05 Imperial Age
23:54 Bow Saw
25:05 Scale Barding Armor
25:37 Iron Casting
30:30 Chemistry
30:45 Conscription
32:20 Cavalier
33:25 Chain Barding Armor
38:39 Husbandry
45:16 Heavy Plow
47:41 Plate Barding Armor
61:01 Coinage
63:15 Blast Furnace
64:21 Chain Mail Armor
63:55 Pikeman
64:35 Squires
65:10 Hand Cart
65:17 Hand Cart
Jaimeka 3K
3:06 Loom
7:11 Feudal Age
8:36 Double-Bit Axe
8:34 Horse Collar
9:50 Wheelbarrow
11:09 Gold Mining
11:59 Loom
12:24 Stone Mining
14:52 Castle Age
14:56 Padded Archer Armor
15:44 Heavy Plow
16:11 Fletching
16:32 Forging
16:22 Scale Mail Armor
16:44 Bow Saw
17:13 Crossbowman
20:33 Hand Cart
27:26 Imperial Age
26:54 Bodkin Arrow
27:00 Town Watch
28:49 Thumb Ring
30:41 Chemistry
30:06 Heavy Cavalry Archer
31:58 Leather Archer Armor
31:54 Thumb Ring
35:29 Gold Shaft Mining
35:13 Squires
34:59 Arson
36:12 Conscription
37:10 Ballistics
38:41 Murder Holes
45:09 Ring Archer Armor
44:39 Bracer
45:16 Masonry
46:30 Husbandry
47:31 Iron Casting
47:12 Chain Mail Armor
53:10 Halberdier
54:34 Man-at-Arms
60:39 Blast Furnace
60:09 Plate Mail Armor
66:13 Scale Barding Armor
Connection lost

Rejoining the realm…

Still unreachable

The connection could not be restored.

Session expired

The server has moved on; the page needs a fresh start.